 Dungeon Crawl Stone Soup version 0.26-a0-612-gd4d190f45e (webtiles) character file.

Game seed: 13873892204074355004

296 Peloso the Shield-Bearer (level 6, 0/48 HPs)
             Began as a Demonspawn Fighter on Sept 10, 2020.
             Was an Initiate of Okawaru.
             Slain by an orc priest
             ... wielding a +0 trident
              (5 damage)
             ... on level 4 of the Dungeon.
             The game lasted 00:07:14 (3303 turns).

Peloso the Shield-Bearer (Demonspawn Fighter)       Turns: 3303, Time: 00:07:15

Health: 0/48       AC: 12    Str: 18    XL:     6   Next: 12%
Magic:  6/6        EV:  8    Int: 10    God:    Okawaru [......]
Gold:   201        SH: 11    Dex: 12    Spells: 5/5 levels left

rFire    . . .     SeeInvis .   a - +0 long sword
rCold    . . .     Faith    .   c - +2 kite shield
rNeg     . . .     Spirit   .   b - +0 scale mail
rPois    .         Reflect  .   i - +0 helmet
rElec    .         Harm     .   (no cloak)
rCorr    +                      m - +0 pair of gloves
MR       .....                  (no boots)
Stlth    ..........             (no amulet)
HPRegen  0.16/turn              l - ring of resist corrosion
MPRegen  0.10/turn              (no ring)

@: invisible
A: hooves 1, slimy green scales 2
a: Renounce Religion


You were on level 4 of the Dungeon.
You worshipped Okawaru.
Okawaru was noncommittal.
You visited 1 branch of the dungeon, and saw 4 of its levels.

You collected 201 gold pieces.

Inventory:

Hand Weapons
 a - a +0 long sword (weapon)
Armour
 b - a +0 scale mail (worn)
 c - a +2 kite shield (worn)
 i - a +0 helmet (worn)
 m - a +0 pair of gloves (worn)
Jewellery
 l - a ring of resist corrosion (left hand)
Wands
 n - a wand of digging (6)
Scrolls
 e - a scroll of fog {unknown}
 f - a scroll of amnesia {unknown}
 g - a scroll of fear {unknown}
 h - 2 scrolls of teleportation
Potions
 d - 2 potions of might


   Skills:
 + Level 3.8 Fighting
 + Level 3.3 Long Blades
 + Level 3.6 Armour
 + Level 1.7 Dodging
 + Level 3.9 Shields


You had 5 spell levels left.
You didn't know any spells.
Your spell library was empty.

Dungeon Overview and Level Annotations

Branches:
Dungeon (4/15)
 Temple: D:4-7

Altars:
Elyvilon
Fedhas
Okawaru
The Shining One


Innate Abilities, Weirdness & Mutations

You have large cloven feet.
You are mostly covered in slimy green scales. (AC +3)


Message History

You block the orc priest's attack.
The orc wizard mumbles some strange words.
The orc wizard flickers and vanishes!
Deactivating autopickup; reactivate with Ctrl-A.
You hit something but do no damage. Your kick misses something.
The orc priest calls down the wrath of Beogh upon you.
Beogh smites you!
You hear some strange, mumbled words.
A magic dart appears from out of thin air!
The magic dart hits you!
* * * LOW HITPOINT WARNING * * *
It was a potion of curing.
You feel better.
The orc priest invokes the aid of Beogh against you.
Beogh smites you!
* * * LOW HITPOINT WARNING * * *
Something hits you but does no damage.
It was a potion of invisibility.
You fade into invisibility!
The orc priest hits you from afar with a +0 trident.
You die...

#........#.#####
#.#####.###.....
#######.......#
##.###
#.......#####.# ##.#
#.#####.......# ##.##
#.#####.###..#
#........#.#.#
##.#####.#####.#.##.#
#..oo{@........####.#
##.#####.#####.# #.#
#... ..# #.# ##.##
... ..# .# #..# .# .#
#.. .. #


You could see an orc priest and an orc.

Vanquished Creatures
  A centaur (D:3)
  Robin (D:3)
  6 gnolls (D:2)
  3 adders
  An ooze (D:3)
  5 worms
  2 dart slugs
  A leopard gecko (D:2)
  2 orcs (D:4)
  A ball python (D:2)
  4 giant cockroaches
  16 goblins
  13 hobgoblins
  4 jackals (D:2)
  2 quokkas
  9 bats
  3 frilled lizards
  13 kobolds
  9 rats
96 creatures vanquished.

Vanquished Creatures (others)
  A withered plant (D:4)
1 creature vanquished.

Grand Total: 97 creatures vanquished

Notes
Turn   | Place    | Note
-------+----------+-------------------------------------------
     0 | D:1      | Peloso the Demonspawn Fighter began the quest for the Orb.
     0 | D:1      | Reached XP level 1. HP: 18/18 MP: 1/1
   127 | D:1      | Gained mutation: You have large cloven feet. [demonic
                  | ancestry]
   127 | D:1      | Reached XP level 2. HP: 24/24 MP: 2/2
   144 | D:1      | Found a glowing golden altar of the Shining One.
   696 | D:2      | Gained mutation: You are partially covered in slimy green
                  | scales. (AC +2) [demonic ancestry]
   696 | D:2      | Reached XP level 3. HP: 22/29 MP: 3/3
   786 | D:2      | Found a blossoming altar of Fedhas.
   908 | D:2      | Found a white marble altar of Elyvilon.
  1155 | D:2      | Gained mutation: You are mostly covered in slimy green
                  | scales. (AC +3) [demonic ancestry]
  1155 | D:2      | Reached XP level 4. HP: 25/35 MP: 4/4
  2023 | D:3      | Reached XP level 5. HP: 41/41 MP: 5/5
  2160 | D:3      | Found an iron altar of Okawaru.
  2168 | D:3      | Became a worshipper of Warmaster Okawaru
  2179 | D:3      | Noticed Robin
  2207 | D:3      | Killed Robin
  2669 | D:3      | Noticed a centaur
  2682 | D:3      | Killed a centaur
  2682 | D:3      | Reached skill level 1 in Dodging
  2682 | D:3      | Reached XP level 6. HP: 26/48 MP: 6/6
  3303 | D:4      | Slain by an orc priest

Illustrated notes

Levels and vault maps discovered:
D:1:      dpeg_arrival_rhombus, layout_basic, serial_park_tiny_2,
          minmay_misc_feat_enclosed, tso_metal_star
D:2:      layout_loops_ring, overflow_temple_1_default, hex_tiny,
          solitary_fountain, amethyst_killhole, elyvilon_altar_5
D:3:      layout_basic, kennysheep_okawaru_gauntlet, uniq_robin
D:4:      layout_loops_ring, serial_undead, serial_undead_f, serial_undead_a,
          serial_undead_a, serial_undead_e, serial_shops, nicolae_shop_crystal,
          minivault_19, minmay_misc_feat_rows, chequers_serial_rivers_large_a,
          kennysheep_decorative_pillar

Skill      XL: |  1  2  3  4  5 |
---------------+----------------+-----
Shields        | 3 |  3.9
Armour         | 3 |  3.6
Long Blades    | 2 3 |  3.3
Dodging        | 1 |  1.7
Fighting       | |  3.8

Action                   |  1- 3 |  4- 6 || total
-------------------------+-------+-------++-------
Melee: Long sword        |   105 |   162 ||   267
       Kick              |    24 |    39 ||    63
  Use: Scroll            |       |     4 ||     4
       Potion            |       |     3 ||     3
Armor: Scale mail        |    58 |    84 ||   142
Dodge: Dodged            |    42 |    43 ||    85
Block: Kite shield       |    63 |   100 ||   163
       Rpst.: Long sword |    13 |    12 ||    25

Table legend: (Time is in decaauts)
 A = Elapsed time spent in this place.
 B = Non-inter-level travel time spent in this place.
 C = Inter-level travel time spent in this place.
 D = Time resting spent in this place.
 E = Time spent auto-exploring this place.
 F = Levels seen in this place.
 G = Mean time per level.
                   A        B        C        D        E       F      G
               +--------+--------+--------+--------+--------+-----+--------+
         Total |   3395 |   3345 |     50 |      0 |   2466 |   4 |  848.8 |
       Dungeon |   3395 |   3345 |     50 |      0 |   2466 |   4 |  848.8 |
               +--------+--------+--------+--------+--------+-----+--------+

Top non-repeatable levels by time:
     D:2: 1396 daAuts
     D:3: 1246 daAuts
     D:1: 676 daAuts
     D:4: 76 daAuts
